% Time on Ice - RENO LIONS
Lines # - Real PCT - Wanted PCT - Time Play
Normal Forward
1 - 33% - 36% - 15:42
2 - 28% - 31% - 13:21
3 - 24% - 23% - 11:19
4 - 15% - 10% - 7:21
Normal Defense
1 - 34% - 36% - 16:23
2 - 35% - 34% - 16:29
3 - 29% - 24% - 13:53
4 - 2% - 6% - 0:58
PP Forward
1 - 65% - 55% - 2:45
2 - 35% - 45% - 1:30
PP Defense
1 - 51% - 55% - 2:09
2 - 49% - 45% - 2:06
PK Forward
1 - 65% - 55% - 5:01
2 - 35% - 45% - 2:43
PK Defense
1 - 47% - 55% - 3:37
2 - 53% - 45% - 4:07
PK3 Forward
1 - 100% - 55% - 0:06
2 - 0% - 45% - 0:00
PK3 Defense
1 - 0% - 55% - 0:00
2 - 100% - 45% - 0:06
44 Forward
1 - 0% - 55%
2 - 0% - 45%
44 Defense
1 - 0% - 55%
2 - 0% - 45%
Last Minute Offensive  - 0:00
Last Minute Defensive  - 0:12
Total
Forward - 60:00
Defense - 60:00
% Time on Ice - UTAH ICE BEARS
Lines # - Real PCT - Wanted PCT - Time Play
Normal Forward
1 - 33% - 37% - 15:48
2 - 27% - 32% - 13:04
3 - 28% - 26% - 13:29
4 - 12% - 5% - 5:34
Normal Defense
1 - 36% - 38% - 17:15
2 - 32% - 33% - 15:20
3 - 28% - 24% - 13:12
4 - 4% - 5% - 2:08
PP Forward
1 - 54% - 60% - 4:12
2 - 46% - 40% - 3:38
PP Defense
1 - 62% - 60% - 4:50
2 - 38% - 40% - 3:00
PK Forward
1 - 86% - 60% - 2:11
2 - 14% - 40% - 0:22
PK Defense
1 - 37% - 60% - 0:56
2 - 63% - 40% - 1:37
PK3 Forward
1 - 61% - 55% - 1:02
2 - 39% - 45% - 0:40
PK3 Defense
1 - 44% - 55% - 0:45
2 - 56% - 45% - 0:57
44 Forward
1 - 0% - 55%
2 - 0% - 45%
44 Defense
1 - 0% - 55%
2 - 0% - 45%
Last Minute Offensive  - 0:00
Last Minute Defensive  - 0:00
Total
Forward - 60:00
Defense - 60:00
Play-by-Play 1st period 0:01 of 1st period - Evgeni Malkin wins face-off versus Elias Pettersson in neutral zone. 0:47 of 1st period - Shot by Jordan Eberle. 0:47 of 1st period - Shot Misses the Net. 1:30 of 1st period - Shot by Matthew Tkachuk. 1:30 of 1st period - Stopped by Stuart Skinner without a rebound. 1:31 of 1st period - Morgan Frost wins face-off versus Pierre-Luc Dubois in RENO LIONS zone. 1:43 of 1st period - Icing by Mattias Samuelsson. 1:44 of 1st period - Pierre-Luc Dubois wins face-off versus Blake Lizotte in RENO LIONS zone. 2:38 of 1st period - Shot by Trent Frederic. 2:38 of 1st period - Stopped by Thatcher Demko without a rebound. 2:39 of 1st period - Anthony-John Greer wins face-off versus Morgan Frost in UTAH ICE BEARS zone. 2:39 of 1st period - Andreas Johnsson is hit by Bowen Byram and loses puck. 2:50 of 1st period - Shot by Lucas Raymond. 2:50 of 1st period - Stopped by Stuart Skinner without a rebound. 2:51 of 1st period - Trent Frederic wins face-off versus Matthew Beniers in RENO LIONS zone. 4:02 of 1st period - Shot by Anthony-John Greer. 4:02 of 1st period - Stopped by Thatcher Demko without a rebound. 4:03 of 1st period - Evgeni Malkin wins face-off versus Pierre-Luc Dubois in UTAH ICE BEARS zone. 4:16 of 1st period - Icing by Brady Skjei. 4:17 of 1st period - Pierre-Luc Dubois wins face-off versus Morgan Frost in RENO LIONS zone. 4:30 of 1st period - Shot by Casey Mittelstadt. 4:30 of 1st period - Shot Misses the Net. 4:52 of 1st period - Shot by Pierre-Luc Dubois. 4:52 of 1st period - Shot Blocked by MacKenzie Weegar. 4:54 of 1st period - Shot by Max Domi. 4:54 of 1st period - Shot Blocked by MacKenzie Weegar. 5:12 of 1st period - Shot by Elias Pettersson. 5:12 of 1st period - Stopped by Thatcher Demko with a rebound. 5:14 of 1st period - Shot by Kirill Kaprizov. 5:14 of 1st period - Stopped by Thatcher Demko without a rebound. 5:15 of 1st period - Evgeni Malkin wins face-off versus Alex Steeves in UTAH ICE BEARS zone. 5:22 of 1st period - Icing by Juuso Valimaki. 5:23 of 1st period - Evgeni Malkin wins face-off versus Alex Steeves in RENO LIONS zone. 5:38 of 1st period - Shot by Alexander Ovechkin. 5:38 of 1st period - Stopped by Stuart Skinner without a rebound. 5:39 of 1st period - Matthew Tkachuk wins face-off versus Elias Pettersson in RENO LIONS zone. 5:52 of 1st period - Shot by Alexander Barabanov. 5:52 of 1st period - Deflect By Matthew Tkachuk. 5:52 of 1st period - Shot Misses the Net. 6:10 of 1st period - Shot by Kirill Kaprizov. 6:10 of 1st period - Shot Misses the Net. 6:12 of 1st period - Shot by Dante Fabbro. 6:12 of 1st period - Shot Blocked by David Savard. 7:18 of 1st period - Shot by Pierre-Luc Dubois. 7:18 of 1st period - Stopped by Thatcher Demko without a rebound. 7:19 of 1st period - Evgeni Malkin wins face-off versus Pierre-Luc Dubois in UTAH ICE BEARS zone. 7:52 of 1st period - Shot by Pierre-Luc Dubois. 7:52 of 1st period - Stopped by Thatcher Demko without a rebound. 7:53 of 1st period - Elias Pettersson wins face-off versus Morgan Frost in UTAH ICE BEARS zone. 8:06 of 1st period - Shot by Dylan Strome. 8:06 of 1st period - Goal by Dylan Strome - RENO LIONS : 1 - UTAH ICE BEARS : 0. 8:07 of 1st period - Alex Steeves wins face-off versus Blake Lizotte in neutral zone. 8:07 of 1st period - Minor Penalty to Andrew Mangiapane for Hooking. 8:08 of 1st period - Elias Pettersson wins face-off versus Morgan Frost in UTAH ICE BEARS zone. 9:26 of 1st period - Off-side. 9:27 of 1st period - Max Domi wins face-off versus Blake Lizotte in neutral zone. 9:55 of 1st period - Shot by Dylan Strome. 9:55 of 1st period - Deflect By Max Domi. 9:55 of 1st period - Stopped by Thatcher Demko without a rebound. 9:56 of 1st period - Max Domi wins face-off versus Morgan Frost in UTAH ICE BEARS zone. 10:22 of 1st period - Shot by Alexander Ovechkin. 10:22 of 1st period - Stopped by Stuart Skinner without a rebound. 10:23 of 1st period - Blake Lizotte wins face-off versus Vitali Kravtsov in RENO LIONS zone. 10:49 of 1st period - Icing by Juuso Valimaki. 10:50 of 1st period - Evgeni Malkin wins face-off versus Trent Frederic in RENO LIONS zone. 11:05 of 1st period - Shot by Alexander Ovechkin. 11:05 of 1st period - Deflect By Evgeni Malkin. 11:05 of 1st period - Stopped by Stuart Skinner without a rebound. 11:06 of 1st period - Morgan Frost wins face-off versus Elias Pettersson in RENO LIONS zone. 11:36 of 1st period - Kirill Kaprizov is hit by Artem Zub and loses puck. 12:08 of 1st period - Artem Zub is hit by Dante Fabbro and loses puck. 12:16 of 1st period - Max Domi is hit by Artem Zub. 12:37 of 1st period - Icing by Ethan Bear. 12:38 of 1st period - Evgeni Malkin wins face-off versus Pierre-Luc Dubois in RENO LIONS zone. 12:41 of 1st period - Shot by Alexander Ovechkin. 12:41 of 1st period - Shot Misses the Net. 12:43 of 1st period - Shot by Jordan Eberle. 12:43 of 1st period - Stopped by Stuart Skinner with a rebound. 12:56 of 1st period - Off-side. 12:57 of 1st period - Matthew Beniers wins face-off versus Trent Frederic in neutral zone. 13:34 of 1st period - Matthew Tkachuk is hit by Juuso Valimaki and loses puck. 13:51 of 1st period - Minor Penalty to Alexander Barabanov for Roughing. 13:52 of 1st period - Pierre-Luc Dubois wins face-off versus Morgan Frost in UTAH ICE BEARS zone. 13:57 of 1st period - Shot by Kirill Kaprizov. 13:57 of 1st period - Shot Blocked by Artem Zub. 14:08 of 1st period - Minor Penalty to Artem Zub for Holding. 14:09 of 1st period - Pierre-Luc Dubois wins face-off versus Blake Lizotte in UTAH ICE BEARS zone. 15:58 of 1st period - Shot by Kirill Kaprizov. 15:58 of 1st period - Stopped by Thatcher Demko without a rebound. 15:59 of 1st period - Morgan Frost wins face-off versus Dylan Strome in UTAH ICE BEARS zone. 15:59 of 1st period - Morgan Frost is hit by Patrick Brown. 16:17 of 1st period - Shot by Alexander Ovechkin. 16:17 of 1st period - Stopped by Stuart Skinner without a rebound. 16:18 of 1st period - Evgeni Malkin wins face-off versus Alex Steeves in RENO LIONS zone. 17:06 of 1st period - Alexander Ovechkin is hit by Mattias Samuelsson and loses puck. 17:36 of 1st period - Icing by Brady Skjei. 17:37 of 1st period - Morgan Frost wins face-off versus Dylan Strome in RENO LIONS zone. 17:37 of 1st period - David Savard is hit by Brady Skjei and loses puck. 17:42 of 1st period - Shot by Morgan Frost. 17:42 of 1st period - Goal by Morgan Frost - RENO LIONS : 1 - UTAH ICE BEARS : 1. 17:43 of 1st period - Pierre-Luc Dubois wins face-off versus Morgan Frost in neutral zone. 19:16 of 1st period - Shot by Kirill Kaprizov. 19:16 of 1st period - Stopped by Thatcher Demko without a rebound. 19:17 of 1st period - Matthew Beniers wins face-off versus Trent Frederic in UTAH ICE BEARS zone. 19:17 of 1st period - Matthew Beniers is hit by Nicholas Ritchie. 19:36 of 1st period - Matthew Beniers is hit by Mattias Samuelsson. Goals for this period are 1 for RENO LIONS vs 1 for UTAH ICE BEARS. Shots for this period are 10 for RENO LIONS vs 8 for UTAH ICE BEARS. 2nd period 0:01 of 2nd period - Elias Pettersson wins face-off versus Evgeni Malkin in neutral zone. 1:01 of 2nd period - Shot by Pierre-Luc Dubois. 1:01 of 2nd period - Shot Blocked by Bowen Byram. 1:04 of 2nd period - Icing by MacKenzie Weegar. 1:05 of 2nd period - Evgeni Malkin wins face-off versus Trent Frederic in UTAH ICE BEARS zone. 1:05 of 2nd period - Evgeni Malkin is hit by Nicholas Ritchie. 1:11 of 2nd period - Dante Fabbro is hit by Alexander Ovechkin and loses puck. 1:19 of 2nd period - Icing by Ethan Bear. 1:20 of 2nd period - Matthew Beniers wins face-off versus Trent Frederic in RENO LIONS zone. 1:42 of 2nd period - Matthew Beniers is hit by Dante Fabbro and loses puck. 1:57 of 2nd period - Shot by Matthew Tkachuk. 1:57 of 2nd period - Deflect By Alexander Barabanov. 1:57 of 2nd period - Shot Misses the Net. 1:59 of 2nd period - Shot by Matthew Tkachuk. 1:59 of 2nd period - Shot Misses the Net. 3:08 of 2nd period - Off-side. 3:09 of 2nd period - Evgeni Malkin wins face-off versus Elias Pettersson in neutral zone. 3:09 of 2nd period - Evgeni Malkin is hit by Kirill Kaprizov. 3:25 of 2nd period - Shot by Kirill Kaprizov. 3:25 of 2nd period - Shot Misses the Net. 3:28 of 2nd period - Icing by MacKenzie Weegar. 3:29 of 2nd period - Pierre-Luc Dubois wins face-off versus Evgeni Malkin in UTAH ICE BEARS zone. 3:47 of 2nd period - Shot by Alexander Ovechkin. 3:47 of 2nd period - Stopped by Stuart Skinner without a rebound. 3:48 of 2nd period - Elias Pettersson wins face-off versus Alexander Barabanov in RENO LIONS zone. 3:54 of 2nd period - Icing by Kristopher Letang. 3:55 of 2nd period - Matthew Beniers wins face-off versus Elias Pettersson in UTAH ICE BEARS zone. 4:04 of 2nd period - Shot by Matthew Beniers. 4:04 of 2nd period - Shot Misses the Net. 4:06 of 2nd period - Shot by Matthew Beniers. 4:06 of 2nd period - Stopped by Stuart Skinner with a rebound. 4:31 of 2nd period - Shot by Matthew Tkachuk. 4:31 of 2nd period - Shot Misses the Net. 5:13 of 2nd period - Shot by Pierre-Luc Dubois. 5:13 of 2nd period - Deflect By Max Domi. 5:13 of 2nd period - Stopped by Thatcher Demko without a rebound. 5:14 of 2nd period - Morgan Frost wins face-off versus Alex Steeves in UTAH ICE BEARS zone. 5:23 of 2nd period - Shot by Casey Mittelstadt. 5:23 of 2nd period - Stopped by Stuart Skinner with a rebound. 5:30 of 2nd period - Lucas Raymond is hit by Mattias Samuelsson and loses puck. 5:33 of 2nd period - Shot by Morgan Frost. 5:33 of 2nd period - Stopped by Stuart Skinner without a rebound. 5:34 of 2nd period - Pierre-Luc Dubois wins face-off versus Evgeni Malkin in RENO LIONS zone. 5:45 of 2nd period - Jordan Eberle is hit by Dante Fabbro and loses puck. 5:46 of 2nd period - Minor Penalty to Dante Fabbro for Roughing. 5:47 of 2nd period - Evgeni Malkin wins face-off versus Elias Pettersson in RENO LIONS zone. 6:06 of 2nd period - Shot by Kristopher Letang. 6:06 of 2nd period - Deflect By Evgeni Malkin. 6:06 of 2nd period - Stopped by Stuart Skinner without a rebound. 6:07 of 2nd period - Elias Pettersson wins face-off versus Matthew Beniers in RENO LIONS zone. 6:07 of 2nd period - Elias Pettersson is hit by Jordan Eberle. 6:18 of 2nd period - Alexander Barabanov is hit by Juuso Valimaki and loses puck. 6:30 of 2nd period - Off-side. 6:31 of 2nd period - Evgeni Malkin wins face-off versus Elias Pettersson in neutral zone. 6:40 of 2nd period - Shot by Kristopher Letang. 6:40 of 2nd period - Shot Misses the Net. 6:42 of 2nd period - Shot by Kristopher Letang. 6:42 of 2nd period - Shot Misses the Net. 7:03 of 2nd period - Icing by Bowen Byram. 7:04 of 2nd period - Elias Pettersson wins face-off versus Matthew Tkachuk in UTAH ICE BEARS zone. 7:04 of 2nd period - Ethan Bear is hit by Bowen Byram. 7:10 of 2nd period - Shot by Evgeni Malkin. 7:10 of 2nd period - Shot Blocked by Mattias Samuelsson. 7:12 of 2nd period - Shot by Kristopher Letang. 7:12 of 2nd period - Shot Blocked by Mattias Samuelsson. 7:14 of 2nd period - Shot by Matt